 Dungeon Crawl Stone Soup version 0.18.1-50-g88ac8fd (webtiles) character file.

6066 Zekeros1 the Nimble (level 10, 0/108 HPs)
             Began as a Minotaur Monk on Sept 22, 2016.
             Was a High Priest of Makhleb.
             Slain by a torpor snail (21 damage)
             ... on level 1 of the Lair of Beasts.
             The game lasted 00:29:56 (7416 turns).

Zekeros1 the Nimble (Minotaur Monk)                 Turns: 7416, Time: 00:29:56

Health: 0/108      AC:  4    Str: 17    XL:     10   Next: 57%
Magic:  9/9        EV: 20    Int:  7    God:    Makhleb [*****.]
Gold:   503        SH:  0    Dex: 15    Spells: 0 memorised, 9 levels left

rFire  . . .     SeeInvis +       - Unarmed
rCold  . . .     Gourm    .     O - +2 robe {Archmagi}
rNeg   . . .     Faith    .     (no shield)
rPois  .         Spirit   .     (helmet restricted)
rElec  .         Dismiss  .     (no cloak)
rCorr  .         Reflect  .     (no gloves)
SustAt .         Harm     .     (no boots)
MR     .....                    z - amulet of Vitality {Regen+ HP+15}
Stlth  ++........               (no ring)
                                x - ring of see invisible

@: slowed, very slow, not resistant to hostile enchantments, unstealthy
A: retaliatory headbutt, horns 2
a: Minor Destruction, Lesser Servant of Makhleb, Major Destruction, Greater
Servant of Makhleb, Renounce Religion


You were on level 1 of the Lair of Beasts.
You worshipped Makhleb.
Makhleb was extremely pleased with you.
You were not hungry.

You visited 2 branches of the dungeon, and saw 10 of its levels.

You collected 503 gold pieces.

Inventory:

Armour
 O - a +2 robe of the Archmagi (worn)
Jewellery
 x - a ring of see invisible (left hand)
 z - the amulet of Vitality (around neck) {Regen+ HP+15}
   (You found it on level 4 of the Dungeon)

   [amulet of regeneration]

   It affects your health (+15).
   It increases your rate of regeneration.
Scrolls
 c - 4 scrolls of enchant weapon {unknown}
 d - 2 scrolls of identify
 e - a scroll of magic mapping {unknown}
 h - 4 scrolls of teleportation {unknown}
 i - 5 scrolls of remove curse {unknown}
 j - a scroll of random uselessness {unknown}
 k - 2 scrolls of immolation {unknown}
 l - 3 scrolls of noise {unknown}
 m - 2 scrolls of enchant armour {unknown}
 v - 2 scrolls of fear {unknown}
 w - a scroll of blinking {unknown}
 I - a scroll of fog {unknown}
 J - a scroll of recharging {unknown}
 P - a scroll of torment {unknown}
 Q - 2 scrolls of amnesia {unknown}
Potions
 f - 5 potions of flight
 g - 3 potions of might
 n - 2 potions of lignification
 o - a potion of magic {unknown}
 p - 2 potions of heal wounds {unknown}
 s - a potion of cure mutation {unknown}
 u - 3 potions of berserk rage {unknown}
 F - a potion of curing
 K - 2 potions of mutation {unknown}
 R - a potion of ambrosia {unknown}
 T - a potion of agility {unknown}
Books
 q - a book of Beasts

   Spells                             Type                      Level
   a - Summon Butterflies             Summoning                    1
   b - Call Canine Familiar           Summoning                    3
   c - Summon Ice Beast               Ice/Summoning                4
   d - Summon Mana Viper              Hexes/Summoning              5
   e - Summon Hydra                   Summoning                    7
 M - a book of Clouds

   Spells                             Type                      Level
   a - Mephitic Cloud                 Conjuration/Poison/Air       3
   b - Conjure Flame                  Conjuration/Fire             3
   c - Poisonous Cloud                Conjuration/Poison/Air       6
   d - Freezing Cloud                 Conjuration/Ice/Air          6
   e - Ring of Flames                 Charms/Fire                  7
Comestibles
 b - 3 bread rations
 r - 3 meat rations
 A - a royal jelly
 D - 5 fruits
 H - a beef jerky
 S - 8 slices of pizza


   Skills:
 + Level 10.1 Fighting
 + Level 11.8 Dodging
 - Level 1.5 Stealth
 + Level 10.8 Unarmed Combat
 + Level 0.2 Invocations


You had 9 spell levels left.
You didn't know any spells.

Dungeon Overview and Level Annotations

Branches:
Dungeon (9/15)             Temple (0/1) D:6            Lair (1/8) D:9
    Orc: D:9-12

Altars:
Cheibriados
Dithmenos
Elyvilon
Gozag
Makhleb
Pakellas
Trog
Xom


Innate Abilities, Weirdness & Mutations

You reflexively headbutt those who attack you in melee.
You have a pair of horns on your head.


Message History

The torpor snail is lightly wounded.
The torpor snail misses you.
You punch the torpor snail!
The torpor snail is moderately wounded.
You hit the torpor snail.
You headbutt the torpor snail, but do no damage.
The torpor snail is heavily wounded.
The torpor snail bites you! The torpor snail misses you.
The torpor snail barely misses you.
You see here a hippogriff corpse.
You punch the torpor snail! You headbutt the torpor snail!
You punch the torpor snail!
The torpor snail is almost dead.
The torpor snail closely misses you.
You hit the torpor snail but do no damage.
The torpor snail is almost dead.
The torpor snail bites you!!
* * * LOW HITPOINT WARNING * * *
The torpor snail bites you!!
You die...

#######'#.## #≈#
#.# #.......#.# ≈≈#
#.# #.......#.# #.#
#.# +.......#.# #_#
#.# #.......#.# #.#
#.# #.......#.# #≈≈
#.# ###.'####.# #≈#
##.# #....####.#
#w###.##
##'####..#.#
#@#..##
#.....†..#.# #w.###
..........#.###..##
.............###.#
.#...........# #..
...............###
##...........#....
#...........##..#
#...........# ###


You could see 2 torpor snails.

Vanquished Creatures
  Maurice (D:9)
  2 torpor snails (Lair:1)
  Psyche (D:8)
  3 spiny frogs (Lair:1)
  Sigmund (D:4)
  A spriggan (D:8)
  A basilisk (Lair:1)
  2 hippogriffs
  A water moccasin (Lair:1)
  2 porcupines (Lair:1)
  A sky beast (D:7)
  A black bear (D:9)
  2 necrophages
  2 orc warriors (D:8)
  2 phantoms
  A centaur (D:8)
  3 ogres
  A crocodile (Lair:1)
  A big kobold (D:7)
  3 giant frogs
  A wyvern zombie (D:7)
  A wyvern skeleton (D:8)
  4 wights (D:7)
  4 howler monkeys (D:7)
  A giant frog zombie (D:5)
  2 crimson imps
  A centaur zombie (D:7)
  3 orc priests (D:5)
  6 hounds
  A jelly (D:7)
  2 orc wizards
  2 giant frog skeletons
  Jessica (D:3)
  Ijyb (D:3)
  3 iguanas
  7 worker ants
  A hound skeleton (D:5)
  A hound zombie (D:7)
  11 gnolls
  10 adders
  2 oozes
  An adder skeleton (D:6)
  3 worms
  2 dart slugs
  A giant gecko (D:8)
  21 orcs
  11 bats
  7 giant cockroaches
  6 hobgoblins
  23 jackals
  4 quokkas
  A ball python (D:1)
  A giant gecko skeleton (D:4)
  A giant newt (D:4)
  8 goblins
  8 kobolds
  A quokka skeleton (D:4)
  9 rats
205 creatures vanquished.

Notes
Turn   | Place    | Note
--------------------------------------------------------------
     0 | D:1      | Zekeros1 the Minotaur Monk began the quest for the Orb.
     0 | D:1      | Reached XP level 1. HP: 19/19 MP: 0/0
   270 | D:1      | Reached XP level 2. HP: 27/27 MP: 1/1
   522 | D:1      | Reached skill level 5 in Unarmed Combat
   539 | D:2      | Reached XP level 3. HP: 29/33 MP: 2/2
   845 | D:2      | Reached skill level 4 in Dodging
  1647 | D:2      | Found a bloodstained altar of Trog.
  1717 | D:2      | Reached XP level 4. HP: 37/40 MP: 3/3
  1727 | D:3      | Noticed Ijyb
  1745 | D:3      | Killed Ijyb
  2218 | D:3      | Reached XP level 5. HP: 29/46 MP: 4/4
  2651 | D:3      | Noticed Jessica
  2657 | D:3      | Killed Jessica
  2657 | D:3      | Reached skill level 5 in Dodging
  3082 | D:4      | Noticed Sigmund
  3103 | D:4      | Killed Sigmund
  3103 | D:4      | Reached skill level 6 in Dodging
  3103 | D:4      | Reached XP level 6. HP: 22/55 MP: 5/5
  3223 | D:4      | Found a burning altar of Makhleb.
  3231 | D:4      | Reached skill level 5 in Fighting
  3233 | D:4      | Became a worshipper of Makhleb the Destroyer
  3233 | D:4      | Reached * piety under Makhleb
  3233 | D:4      | Reached ** piety under Makhleb
  3314 | D:4      | Reached XP level 7. HP: 29/61 MP: 6/6
  3519 | D:5      | Entered Level 5 of the Dungeon
  3526 | D:5      | Found an oddly glowing altar of Pakellas.
  3680 | D:5      | HP: 3/61 [gnoll/spear (5)]
  3681 | D:5      | HP: 1/61 [gnoll/spear (2)]
  3682 | D:5      | Reached skill level 7 in Dodging
  4471 | D:5      | Reached XP level 8. HP: 70/70 MP: 7/7
  4481 | D:6      | Reached *** piety under Makhleb
  4506 | D:6      | Found Gozag's Platinum Reserve.
  4666 | D:6      | Found an opulent altar of Gozag.
  4809 | D:6      | Reached skill level 8 in Dodging
  5069 | D:6      | Found a staircase to the Ecumenical Temple.
  5334 | D:7      | Reached skill level 9 in Dodging
  5410 | D:7      | Found a shimmering altar of Xom.
  5602 | D:7      | Reached XP level 9. HP: 79/79 MP: 8/8
  6147 | D:7      | Reached **** piety under Makhleb
  6424 | D:8      | Reached skill level 10 in Dodging
  6594 | D:8      | Noticed Psyche
  6605 | D:8      | Killed Psyche
  6630 | D:8      | Found a white marble altar of Elyvilon.
  6970 | D:9      | Found a shadowy altar of Dithmenos.
  6970 | D:9      | Found a snail-covered altar of Cheibriados.
  6971 | D:9      | Noticed Maurice
  6974 | D:9      | Reached ***** piety under Makhleb
  6988 | D:9      | Killed Maurice
  6988 | D:9      | Reached skill level 11 in Dodging
  7019 | D:9      | Reached XP level 10. HP: 91/91 MP: 9/9
  7020 | D:9      | Found a staircase to the Lair.
  7025 | Lair:1   | Entered Level 1 of the Lair of Beasts
  7031 | Lair:1   | Noticed a spiny frog
  7044 | Lair:1   | Killed a spiny frog
  7044 | Lair:1   | Reached skill level 10 in Unarmed Combat
  7208 | Lair:1   | Noticed a spiny frog
  7218 | Lair:1   | Killed a spiny frog
  7319 | Lair:1   | Noticed a torpor snail
  7334 | Lair:1   | Killed a torpor snail
  7335 | Lair:1   | Found a snail-covered altar of Cheibriados.
  7335 | Lair:1   | Noticed a torpor snail
  7335 | Lair:1   | Noticed a torpor snail
  7340 | Lair:1   | Noticed a spiny frog
  7349 | Lair:1   | Killed a spiny frog
  7356 | Lair:1   | Noticed a torpor snail
  7372 | Lair:1   | Killed a torpor snail
  7372 | Lair:1   | Reached skill level 10 in Fighting
  7416 | Lair:1   | Slain by a torpor snail

Skill      XL: |  1  2  3  4  5  6  7  8  9 10 |
---------------+-------------------------------+-----
Unarmed Combat | 5 6 7 8 9 10 | 10.8
Fighting       | 4 5 6 7 9 10 | 10.1
Dodging        | 4 6 7 9 11 | 11.8
Stealth        | |  1.5
Invocations    | |  0.2

Action                   |  1- 3 |  4- 6 |  7- 9 | 10-12 || total
-------------------------+-------+-------+-------+-------++-------
Melee: Unarmed           |    73 |   130 |   367 |   105 ||   675
       Headbutt          |    18 |    24 |    81 |    28 ||   151
       Punch             |     1 |       |    14 |     8 ||    23
Invok: Lesser Servant of |       |       |     1 |       ||     1
  Use: Scroll            |       |     3 |     3 |     4 ||    10
 Stab: Sleeping          |     1 |     4 |       |     2 ||     7
       Distracted        |       |       |     1 |       ||     1
  Eat: Bread ration      |     1 |     1 |     1 |       ||     3
       Meat ration       |       |       |     2 |       ||     2
Armor: Robe              |     6 |    11 |    28 |     7 ||    52
Dodge: Dodged            |    61 |    76 |   326 |    65 ||   528
